 Dungeon Crawl Stone Soup version 0.31-a0-152-g6aa68a64a1 (webtiles) character file.

Game seed: 11315639326566313611

836 qw the Shooter (level 7, -1/64 HPs)
             Began as a Naga Hunter on June 10, 2023.
             Was an Initiate of Okawaru.
             Slain by an acid dragon (4 damage)
             ... on level 5 of the Dungeon.
             The game lasted 00:01:18 (3270 turns).

qw the Shooter (Naga Hunter)                        Turns: 3270, Time: 00:01:18

Health: -1/64      AC:  0    Str: 17      XL:     7   Next: 99%
Magic:  7/7        EV:  9    Int:  7 (8)  God:    Okawaru [......]
Gold:   258        SH:  0    Dex:  6 (16) Spells: 6/6 levels left

rFire   . . .        Y - +0 arbalest
rCold   + . .        (shield currently unavailable)
rNeg    . . .        c - +0 leather armour
rPois   +            (helmet restricted)
rElec   .            (no cloak)
rCorr   +            (no gloves)
SInv    +            (no barding)
Will    .....        (no amulet)
Stlth   +            d - ring of Cuavot {Drain rPois rC+ rCorr}
HPRegen 0.30/turn    (no ring)
MPRegen 0.10/turn

%: no passive effects
@: about to teleport, corroded, very slow
A: AC +2, large, see invisible, deformed body, poison resistance, slowness 2,
spit poison 1, naga tail 1, horns 1, deterioration 1, strong 1, noise
suppression
a: Spit Poison, Renounce Religion


You were on level 5 of the Dungeon.
You worshipped Okawaru.
Okawaru was noncommittal.
You visited 1 branch of the dungeon, and saw 6 of its levels.

You collected 258 gold pieces.


Innate Abilities, Weirdness & Mutations

Your serpentine skin is tough. (AC +2)
You have supernaturally acute eyesight. (SInv)
Armour fits poorly on your strangely shaped body.
Your system is resistant to poisons. (rPois)
You cover ground very slowly.
You can spit poison.
You have a snake-like lower body.
You have a pair of small horns on your head.
Your body sometimes deteriorates upon taking damage.
Your muscles are strong. (Str +4, Int/Dex -1)
You passively dampen the noise of your surroundings.


   Skills:
 - Level 4.1 Fighting
 + Level 7.9 Ranged Weapons
 - Level 2.2 Dodging
 - Level 1.5 Stealth


You had 6 spell levels left.
You didn't know any spells.
Your spell library was empty.

Inventory:

Hand Weapons
 Y - a +0 arbalest (weapon)
Armour
 c - a +0 leather armour (worn)
Jewellery
 d - the ring of Cuavot (left hand) {Drain rPois rC+ rCorr}
   (You acquired it on level 1 of the Dungeon)

   [ring of protection from cold]

   rC:        It protects you from cold.
   rPois:     It protects you from poison.
   rCorr:     It protects you from acid and corrosion.
   Drain:     It drains your maximum health when unequipped.
Scrolls
 a - a scroll of teleportation
 f - a scroll of enchant armour
 h - a scroll of identify
Potions
 b - a potion of heal wounds {unknown}
 e - a potion of might {unknown}
 g - 2 potions of curing
 k - 2 potions of mutation

Dungeon Overview and Level Annotations

Branches:
Dungeon (6/15)             Temple (0/1) D:4

Altars:
Nemelex Xobeh
Okawaru
Uskayaw
Vehumet

Shops:
D:1 [


Message History

The splash of acid hits you! You resist.
There is a stone staircase leading down here.
Enter note:
Enter note: You shoot a bolt.
The bolt hits the acid dragon!
The acid dragon is moderately wounded.
You shoot a bolt.
The bolt closely misses the acid dragon.
The acid dragon spits acid at you. The splash of acid hits you! You resist.
You shoot a bolt. The bolt hits the acid dragon!
The acid dragon is severely wounded.
You shoot a bolt.
The bolt hits the acid dragon but does no damage.
The acid dragon is severely wounded.
You shoot a bolt.
The bolt hits the acid dragon but does no damage.
The acid dragon is severely wounded.
The acid dragon bites you! The acid dragon barely misses you.
You shoot a bolt.
The bolt hits the acid dragon but does no damage.
The acid dragon is severely wounded.
The acid dragon bites you. The acid dragon claws you.
The acid dragon barely misses you.
The acid dragon claws you but does no damage.
You shoot a bolt.
The bolt hits the acid dragon but does no damage.
The acid dragon is severely wounded.
The acid dragon spits acid at you. The splash of acid hits you! You resist.
The acid corrodes you!
3269 ||| READING 2 scrolls of teleportation.
As you read the scroll of teleportation, it crumbles to dust.
You feel strangely unstable. The acid dragon bites you!
Your body deteriorates!
You feel clumsy. The acid dragon barely misses you.
You shoot a bolt.
The bolt closely misses the acid dragon.
The acid dragon bites you.
You die...

.#~~~~..........######
.~~~~~......<..##
..~~~~.........#
..~~P.~.......#######
.~~~PP~[##..........#
..P~~~~..#.#........#
.~~~~~.....#........#
.P~~~~.....#.......<#
..P~~~~........D@...#
.~.~~P~............[#
...~~~~.............#
..~~~~~..###........#
..~~~.~...###.#######
...~~~~...# #.#
...~~P....###.#
...~~~~P..##..#
.~~~~~~...##.##


You could see an acid dragon (catching breath).

Vanquished Creatures
  Eustachio (D:5)
  A black bear (D:5)
  An orc warrior (D:5)
  2 scorpions
  A jelly (D:5)
  A hound (D:4)
  2 iguanas (D:5)
  2 orc wizards (D:4)
  2 sleepcaps
  3 gnolls (D:4)
  6 adders
  An ufetubus (D:4)
  An adder skeleton (D:2)
  2 dart slugs
  8 orcs
  4 ball pythons
  2 bat skeletons (D:2)
  7 endoplasms
  A giant cockroach (D:3)
  3 goblins
  8 hobgoblins
  4 jackals
  5 kobolds
  3 quokkas
  2 ball python zombies (D:2)
  6 bats
  2 frilled lizards
  11 rats
92 creatures vanquished.

Notes
Turn   | Place    | Note
-------+----------+-------------------------------------------
     0 | D:1      | qw the Naga Hunter began the quest for the Orb.
     0 | D:1      | Reached XP level 1. HP: 19/19 MP: 1/1
     0 | D:1      | 0 ||| qw: Version: 0.2-a-29-gd901d54
     0 | D:1      | 0 ||| qw: Game counter: 3968
     0 | D:1      | 0 ||| qw: Always use a shield: true
     0 | D:1      | 0 ||| qw: God list: Okawaru
     0 | D:1      | 0 ||| qw: Allow faded altars: false
     0 | D:1      | 0 ||| qw: Do Orc after D:15 true
     0 | D:1      | 0 ||| qw: Do second Lair branch before Depths: true
     0 | D:1      | 0 ||| qw: Lair rune preference: random
     0 | D:1      | 0 ||| qw: Plans: Normal
     0 | D:1      | 0 ||| PLANNING D:1-11
    11 | D:1      | 11 ||| INVOKING Spit Poison.
    50 | D:1      | 50 ||| INVOKING Spit Poison.
    87 | D:1      | 87 ||| INVOKING Spit Poison.
   178 | D:1      | Found Ovitro's Armour Boutique.
   186 | D:1      | 186 ||| SHOPLISTING +0 cloak (54 gold, have 0).
   186 | D:1      | 186 ||| SHOPLISTING +0 robe of Noon {rF+} (176 gold, have
                  | 0).
   186 | D:1      | 186 ||| SHOPLISTING +1 hat (132 gold, have 0).
   186 | D:1      | 186 ||| SHOPLISTING +1 pair of gloves of Daisies {rCorr}
                  | (265 gold, have 0).
   186 | D:1      | 186 ||| SHOPLISTING scarf of resistance (384 gold, have 0).
   207 | D:1      | 207 ||| INVOKING Spit Poison.
   208 | D:1      | Reached skill level 4 in Ranged Weapons
   208 | D:1      | Reached XP level 2. HP: 26/26 MP: 2/2
   211 | D:1      | 211 ||| INVOKING Spit Poison.
   276 | D:1      | 276 ||| INVOKING Spit Poison.
   298 | D:1      | 298 ||| INVOKING Spit Poison.
   329 | D:1      | 329 ||| INVOKING Spit Poison.
   343 | D:1      | 343 ||| INVOKING Spit Poison.
   375 | D:1      | 375 ||| INVOKING Spit Poison.
   376 | D:1      | 376 ||| INVOKING Spit Poison.
   386 | D:1      | 386 ||| INVOKING Spit Poison.
   390 | D:1      | 390 ||| INVOKING Spit Poison.
   393 | D:1      | 393 ||| INVOKING Spit Poison.
   427 | D:1      | 427 ||| INVOKING Spit Poison.
   450 | D:1      | 450 ||| INVOKING Spit Poison.
   455 | D:1      | 455 ||| INVOKING Spit Poison.
   544 | D:1      | 544 ||| INVOKING Spit Poison.
   567 | D:1      | 567 ||| INVOKING Spit Poison.
   568 | D:1      | Reached XP level 3. HP: 32/32 MP: 3/3
   577 | D:1      | 577 ||| INVOKING Spit Poison.
   603 | D:1      | 603 ||| DROPPING -2 pair of gloves.
   604 | D:1      | 604 ||| READING 2 scrolls labelled COPARO TYJOB.
   607 | D:1      | 607 ||| READING scroll labelled IMUOTAL HOFRUX.
   608 | D:1      | 608 ||| READING scroll labelled VYOMNI GIOLA.
   609 | D:1      | 609 ||| READING scroll labelled JUWIN KUROFAP.
   609 | D:1      | Identified a scroll of acquirement
   609 | D:1      | 609 ||| ACQUIRING ring of Cuavot {Drain rPois rC+ rCorr}
   609 | D:1      | Acquired the ring of Cuavot {Drain rPois rC+ rCorr}
   611 | D:1      | 611 ||| UPGRADING to ring of Cuavot {Drain rPois rC+
                  | rCorr}.
   612 | D:1      | 612 ||| READING scroll labelled CUICRI RYUS.
   613 | D:1      | 613 ||| DRINKING 2 lumpy emerald potions.
   614 | D:1      | 614 ||| DROPPING scroll of butterflies.
   615 | D:1      | 615 ||| DROPPING potion of invisibility.
   628 | D:2      | Found a faded altar of an unknown god.
   645 | D:2      | 645 ||| INVOKING Spit Poison.
   646 | D:2      | 646 ||| INVOKING Spit Poison.
   668 | D:2      | 668 ||| INVOKING Spit Poison.
   695 | D:2      | Found a hide-covered altar of Uskayaw.
   699 | D:2      | 699 ||| INVOKING Spit Poison.
   703 | D:2      | Reached skill level 5 in Ranged Weapons
   703 | D:2      | Reached XP level 4. HP: 39/39 MP: 4/4
   703 | D:2      | 703 ||| INVOKING Spit Poison.
   707 | D:2      | 707 ||| INVOKING Spit Poison.
   728 | D:2      | 728 ||| INVOKING Spit Poison.
   772 | D:2      | 772 ||| INVOKING Spit Poison.
   804 | D:2      | 804 ||| INVOKING Spit Poison.
   805 | D:2      | 805 ||| Stepping ~*~*~tactically~*~*~ (outnumbered).
   810 | D:2      | 810 ||| INVOKING Spit Poison.
   867 | D:2      | 867 ||| INVOKING Spit Poison.
   897 | D:2      | 897 ||| INVOKING Spit Poison.
   905 | D:2      | 905 ||| INVOKING Spit Poison.
   915 | D:2      | 915 ||| INVOKING Spit Poison.
   949 | D:2      | 949 ||| INVOKING Spit Poison.
  1109 | D:2      | 1109 ||| INVOKING Spit Poison.
  1120 | D:2      | 1120 ||| DROPPING ring of wizardry.
  1121 | D:2      | 1121 ||| READING 2 scrolls labelled WAHEWN DILL.
  1206 | D:3      | 1206 ||| READING scroll of enchant weapon.
  1206 | D:3      | 1206 ||| ENCHANTING +1 shortbow.
  1322 | D:3      | 1322 ||| INVOKING Spit Poison.
  1567 | D:3      | 1567 ||| INVOKING Spit Poison.
  1576 | D:3      | Found a sparkling altar of Nemelex Xobeh.
  1758 | D:3      | 1758 ||| READING scroll labelled JEB WEBUETO.
  1759 | D:3      | 1759 ||| READING scroll labelled RAIHOKHLAOSH.
  1804 | D:4      | 1804 ||| PLANNING OSSUARY
  1814 | D:4      | 1814 ||| INVOKING Spit Poison.
  1817 | D:4      | Reached skill level 3 in Fighting
  1832 | D:4      | 1832 ||| INVOKING Spit Poison.
  1833 | D:4      | 1833 ||| Stepping ~*~*~tactically~*~*~ (outnumbered).
  1838 | D:4      | 1838 ||| INVOKING Spit Poison.
  1841 | D:4      | 1841 ||| Stepping ~*~*~tactically~*~*~ (outnumbered).
  1842 | D:4      | 1842 ||| INVOKING Spit Poison.
  1845 | D:4      | Reached XP level 5. HP: 38/49 MP: 5/5
  1845 | D:4      | 1845 ||| Stepping ~*~*~tactically~*~*~ (outnumbered).
  1847 | D:4      | 1847 ||| INVOKING Spit Poison.
  1902 | D:4      | 1902 ||| INVOKING Spit Poison.
  1906 | D:4      | 1906 ||| INVOKING Spit Poison.
  1915 | D:4      | Found a radiant altar of Vehumet.
  1939 | D:4      | Reached skill level 6 in Ranged Weapons
  1939 | D:4      | Reached XP level 6. HP: 54/56 MP: 6/6
  2003 | D:4      | 2003 ||| INVOKING Spit Poison.
  2144 | D:4      | 2144 ||| INVOKING Spit Poison.
  2153 | D:4      | Found a staircase to the Ecumenical Temple.
  2159 | D:4      | 2159 ||| INVOKING Spit Poison.
  2196 | D:4      | 2196 ||| INVOKING Spit Poison.
  2201 | D:4      | 2201 ||| INVOKING Spit Poison.
  2266 | D:4      | 2266 ||| RIP OSSUARY
  2348 | D:4      | Found an iron altar of Okawaru.
  2349 | D:4      | 2349 ||| PLANNING OKAWARU WORSHIP
  2349 | D:4      | 2349 ||| DRINKING 2 fizzy blue potions.
  2379 | D:4      | 2379 ||| DRINKING 3 fizzy green potions.
  2379 | D:4      | Gained mutation: Your body sometimes deteriorates upon
                  | taking damage. [potion of mutation]
  2379 | D:4      | Gained mutation: You passively dampen the noise of your
                  | surroundings. [potion of mutation]
  2379 | D:4      | Gained mutation: Your muscles are strong. (Str +4, Int/Dex
                  | -1) [potion of mutation]
  2379 | D:4      | Gained mutation: You have a pair of small horns on your
                  | head. [potion of mutation]
  2380 | D:4      | 2380 ||| DROPPING potion of lignification.
  2390 | D:4      | Became a worshipper of Warmaster Okawaru
  2390 | D:4      | 2390 ||| PLANNING D:1-11
  2603 | D:4      | 2603 ||| INVOKING Spit Poison.
  2620 | D:5      | Entered Level 5 of the Dungeon
  2624 | D:5      | 2624 ||| INVOKING Spit Poison.
  2708 | D:5      | Noticed a black bear
  2730 | D:5      | Reached XP level 7. HP: 64/64 MP: 7/7
  2741 | D:5      | 2741 ||| INVOKING Spit Poison.
  2743 | D:5      | Reached skill level 7 in Ranged Weapons
  2752 | D:5      | 2752 ||| INVOKING Spit Poison.
  2765 | D:5      | Reached * piety under Okawaru
  2785 | D:5      | Noticed Eustachio
  2786 | D:5      | 2786 ||| INVOKING Heroism.
  2787 | D:5      | 2787 ||| INVOKING Heroism.
  2794 | D:5      | 2794 ||| INVOKING Spit Poison.
  2807 | D:5      | 2807 ||| INVOKING Spit Poison.
  2813 | D:5      | HP: 16/64 [quasit[Eustachio] (1)]
  2814 | D:5      | 2814 ||| READING 4 scrolls of teleportation.
  2815 | D:5      | 2815 ||| INVOKING Spit Poison.
  2815 | D:5      | HP: 1/64 [Eustachio/+0 rapier (10)]
  2816 | D:5      | Killed Eustachio
  2818 | D:5      | 2818 ||| READING 3 scrolls of teleportation.
  2819 | D:5      | 2819 ||| INVOKING Heroism.
  2820 | D:5      | 2820 ||| INVOKING Spit Poison.
  3040 | D:5      | 3040 ||| Stepping ~*~*~tactically~*~*~ (outnumbered).
  3041 | D:5      | 3041 ||| INVOKING Spit Poison.
  3045 | D:5      | 3045 ||| INVOKING Spit Poison.
  3049 | D:5      | 3049 ||| INVOKING Spit Poison.
  3051 | D:5      | 3051 ||| INVOKING Heroism.
  3217 | D:5      | 3217 ||| SWAPPING to +0 arbalest.
  3218 | D:5      | 3218 ||| DROPPING +2 shortbow of draining.
  3252 | D:5      | You fall into a shaft and drop 1 floor!
  3253 | D:6      | 3253 ||| READING scroll labelled JIAGHA BIMUATO.
  3268 | D:5      | HP: 12/64 [acid dragon/splash of acid (17)]
  3269 | D:5      | 3269 ||| READING 2 scrolls of teleportation.
  3269 | D:5      | HP: 3/64 [acid dragon (9)]
  3270 | D:5      | Slain by an acid dragon

Levels and vault maps discovered:
D:1:      dpeg_arrival_ratfight, layout_basic, serial_shops,
          nicolae_shop_scrapyard
D:2:      layout_rooms, basic_ecumenical_altar, basic_altar, serial_undead,
          serial_undead_d, serial_undead_b, serial_undead_f, serial_undead_f
D:3:      layout_basic, nemelex_dance_club_becter, amcnicky_mini_pool_small,
          minmay_misc_feat_enclosed, minivault_14
D:4:      layout_basic, mainiacjoe_overflow_catch_the_wave,
          minmay_temple_entry_arrows, nicolae_ossuary_entry_plus,
          serial_bayou_crossing
D:5:      layout_rooms, overflow_temple_1_default, serial_corexii_hall,
          chequers_hall_statues_wall_a, corexii_hall_statues_x,
          corexii_hall_statues_x, corexii_hall_statues_s, chequers_big_river,
          uniq_eustachio
D:6:      minmay_octagon_keep, layout_basic, lemuel_tele_altar,
          mainiacjoe_overflow_divided_tiny, mainiacjoe_overflow_brackets,
          corexii_checkpoint_b

Skill      XL: |  1  2  3  4  5  6  7 |
---------------+----------------------+-----
Ranged Weapons | 4 5 6 7 |  7.9
Fighting       | 3 4 |  4.1
Dodging        | 2 |  2.2
Stealth        | |  1.5

Action                     |  1- 3 |  4- 6 |  7- 9 || total
---------------------------+-------+-------+-------++-------
   Fire: Shortbow          |    55 |   105 |    43 ||   203
         Arbalest          |       |       |     8 ||     8
 Invoke: Heroism           |       |       |     3 ||     3
Ability: Spit Poison       |    22 |    28 |     9 ||    59
    Use: Scroll            |     5 |     4 |     4 ||    13
         Potion            |     1 |     2 |       ||     3
 Armour: Leather armour    |     7 |     8 |    26 ||    41
  Dodge: Dodged            |    10 |    20 |    46 ||    76

Table legend:
 A = Non-vault XP
 B = Vault XP
 C = Vault XP percentage of total XP
 D = Non-vault monster count
 E = Vault monster count
 F = Vault count percentage of total count
                 A         B        C        D         E       F
            +---------+---------+-------+---------+---------+-------
      Total |     989 |     206 |  17.2 |      79 |      13 |  14.1
            +---------+---------+-------+---------+---------+-------
        D:1 |      33 |       5 |  13.2 |      20 |       5 |  20.0
        D:2 |      66 |      11 |  14.3 |      25 |       5 |  16.7
        D:3 |       9 |       5 |  35.7 |       4 |       2 |  33.3
        D:4 |     357 |       0 |   0.0 |      20 |       0 |   0.0
        D:5 |     524 |     185 |  26.1 |      10 |       1 |   9.1
            +---------+---------+-------+---------+---------+-------
